 Dungeon Crawl Stone Soup version 0.27.0-1-g7a089689b8 (webtiles) character file.

Game seed: 15303427290140871064

20 Spaninq the Ducker (level 2, 0/14 HPs)
             Began as a Felid Abyssal Knight on Aug 9, 2021.
             Was a Follower of Lugonu.
             Slain by a worm (11 damage)
             ... on level 2 of the Dungeon.
             The game lasted 00:01:46 (1038 turns).

Spaninq the Ducker (Felid Abyssal Knight)           Turns: 1038, Time: 00:01:47

Health: 0/14       AC:  1    Str:  8    XL:     2   Next: 58%
Magic:  4/4        EV: 17    Int: 13    God:    Lugonu [*.....]
Gold:   19         SH:  0    Dex: 15    Spells: 1/1 levels left
                                        Lives:  0   Deaths: 0

rFire    . . .     SeeInvis +     - Unarmed
rCold    . . .     Faith    .   (shield unavailable)
rNeg     . . .     Spirit   .   (armour unavailable)
rPois    .         Reflect  .   (helmet unavailable)
rElec    .         Harm     .   (cloak unavailable)
rCorr    .         Rampage  .   (gloves unavailable)
Will     .....                  (boots unavailable)
Stlth    +.........             (no amulet)
HPRegen  0.04/turn              (no ring)
MPRegen  0.09/turn              (no ring)

@: quick
A: very small, claws 1, fangs 3, see invisible, speed 1, shaggy fur 1, stealthy
paws, no weapons or thrown items, no armour, multi-lived
a: Renounce Religion, Depart the Abyss


You were on level 2 of the Dungeon.
You worshipped Lugonu.
Lugonu was aware of your devotion.
You visited 1 branch of the dungeon, and saw 2 of its levels.
You visited the Abyss 1 time.

You collected 19 gold pieces.

Inventory:

Jewellery
 a - an amulet of faith
Scrolls
 b - a scroll of teleportation
Potions
 c - 2 potions of heal wounds {unknown}
 d - a potion of attraction {unknown}
 e - a potion of resistance {unknown}


   Skills:
 - Level 3.0 Fighting
 - Level 3.2 Dodging
 * Level 3.2 Unarmed Combat
 - Level 1.7 Invocations


You had one spell level left.
You didn't know any spells.
Your spell library contained the following spells:

 Spells                   Type           Power      Damage    Failure   Level
 Sting                    Tmut/Pois      0%         1d3       30%         1
 Poisonous Vapours        Pois/Air       0%         N/A       43%         2
 Olgreb's Toxic Radiance  Pois           0%         N/A       97%         4


Dungeon Overview and Level Annotations

Branches:
Dungeon (2/15)

Altars:

Shops:
D:1 ?


Innate Abilities, Weirdness & Mutations

You have sharp claws.
You have razor-sharp teeth.
You have supernaturally acute eyesight. (SInv)
You cover ground quickly. (Speed+)
You are covered in fur. (AC +1)
Your paws help you pounce on unaware monsters.
You are incapable of wielding weapons or throwing items.
You cannot wear armour.
You gain extra lives every three experience levels.


Message History

You kill the bat!
Lugonu accepts your kill.
Done exploring.
You see here a +0 robe.
There is an open door here.
There is a stone staircase leading down here.
You climb downwards.
There is a stone staircase leading up here.
An endoplasm comes into view.
The endoplasm quivers.
You scratch the endoplasm.
The endoplasm is heavily wounded.
The endoplasm completely misses you.
You scratch the endoplasm.
You kill the endoplasm!
Lugonu accepts your kill.
A rat comes into view.
You see here a metallic inky potion.
e - a metallic inky potion You scratch the rat.
You kill the rat!
Lugonu accepts your kill.
A frilled lizard comes into view.
Found a faded altar of an unknown god.
The frilled lizard hisses angrily.
You scratch the frilled lizard but do no damage.
The frilled lizard closely misses you.
You closely miss the frilled lizard. The frilled lizard bites you.
You scratch the frilled lizard.
You kill the frilled lizard!
Lugonu accepts your kill.
A worm comes into view.
The worm barely misses you.
You scratch the worm. You bite the worm.
The worm is moderately wounded.
You scratch the worm but do no damage. Your bite misses the worm.
The worm is moderately wounded.
The worm bites you!
Ouch! That really hurt!
You die...

...#............#
.....#......###.###
.................#
...............#.#
#..........#<#
###..#######.#.#
#............#.#
#.##.##..#####.# ..
#@..# .# #.#
###.w._....# #.#
#...#...#.## #.#
#.#.##.##.# #.# # #
... # ####


You could see a worm.

Vanquished Creatures
  A ball python (D:1)
  3 endoplasms
  A hobgoblin (D:1)
  3 jackals (D:1)
  A kobold (D:1)
  A quokka (D:1)
  3 bats (D:1)
  2 frilled lizards
  2 rats
17 creatures vanquished.

Notes
Turn   | Place    | Note
-------+----------+-------------------------------------------
     0 | Abyss:1  | Spaninq the Felid Abyssal Knight began the quest for the
                  | Orb.
     0 | Abyss:1  | Reached XP level 1. HP: 10/10 MP: 3/3
    10 | D:1      | Escaped the Abyss
   251 | D:1      | Reached XP level 2. HP: 13/14 MP: 4/4
   340 | D:1      | Found Caorr's Magic Scroll Emporium.
  1029 | D:2      | Found a faded altar of an unknown god.
  1038 | D:2      | Slain by a worm

Illustrated notes

Levels and vault maps discovered:
D:1:      minmay_arrival_jagged, layout_basic, serial_shops, shop_scrolls
D:2:      layout_basic, ebering_ecumenical_altar_box

Skill      XL: |  1  2 |
---------------+-------+-----
Unarmed Combat | 3 |  3.2
Fighting       | |  3.0
Dodging        | |  3.2
Invocations    | |  1.7

Action                   || total
-------------------------++-------
Melee: Unarmed           ||    52
       Bite              ||     4
  Use: Scroll            ||     2
Armor: Skin              ||     4
Dodge: Dodged            ||    38
